[Event "Team 45 45 League T31"]
[Site "Internet Chess Club"]
[Date "2006.06.30"]
[Round "2"]
[White "Renato77"]
[Black "Orforded"]
[Result "1-0"]
[WhiteElo "1240"]
[BlackElo "1120"]
[TimeControl "2700+45"]

1. e4 e5 2. Nf3 Nc6 3. d4 Nf6 4. Bg5 Be7 5. Nc3 a6 6. d5 Nb4 7. a3 h6 8. Bxf6
gxf6 9. axb4 Bxb4 10. Bc4 d6 11. O-O f5 12. Re1 fxe4 13. Rxe4 Bf5 14. Rh4 Qf6
15. Bd3 Bxc3 16. bxc3 O-O-O 17. Bxf5+ Qxf5 18. Qe2 Rde8 19. Nd2 Qxc2 20. c4 f5
21. Qe1 e4 22. Rc1 Qd3 23. c5 Qxd5 24. cxd6 Qxd6 25. Nc4 Qf6 26. Rh3 f4 27. Qc3
Qg6 28. Ne5 Qe6 29. Qxc7# {Black checkmated} 1-0

[Event "Team 45 45 League T31"]
[Site "Internet Chess Club"]
[Date "2006.07.02"]
[Round "2"]
[White "qs16"]
[Black "MPknight"]
[Result "1-0"]
[WhiteElo "1712"]
[BlackElo "1630"]
[TimeControl "2700+45"]

1. e4 c5 2. Nf3 d6 3. Bb5+ Bd7 4. Bxd7+ Qxd7 5. c3 Nf6 6. d3 Nc6 7. Bg5 h6 8.
Bh4 Qd8 9. O-O e6 10. Re1 Be7 11. Nbd2 O-O 12. Rc1 Nd7 13. Bxe7 Qxe7 14. Nf1
Nce5 15. Ng3 Nxf3+ 16. Qxf3 Ne5 17. Qe2 Ng6 18. d4 cxd4 19. cxd4 Rfc8 20. h3 Qd7
21. b3 Rc7 22. Rc4 Rac8 23. Rec1 d5 24. exd5 Rxc4 25. Rxc4 exd5 26. Rc2 Rxc2 27.
Qxc2 Ne7 28. Qd2 a6 29. Qf4 Kf8 30. Nh5 Kg8 31. Qe5 f6 32. Qxf6 gxf6 33. Nxf6+
Kf7 34. Nxd7 Nc6 35. Ne5+ Nxe5 36. dxe5 Ke6 37. f4 h5 38. g4 hxg4 39. hxg4 d4
40. Kf2 Kd5 41. Ke2 b5 42. Kd3 a5 43. a3 a4 44. b4 {Black resigns} 1-0  aics% 
PANAMA-REY(71): hay unguentos aics%

[Event "Team 45 45 League T31"]
[Site "Internet Chess Club"]
[Date "2006.06.30"]
[Round "2"]
[White "charles-allen"]
[Black "hansolo1000"]
[Result "0-1"]
[WhiteElo "1601"]
[BlackElo "1693"]
[TimeControl "2700+45"]

1. e4 c5 2. d4 cxd4 3. c3 dxc3 4. Nxc3 Nc6 5. Nf3 d6 6. Bc4 e6 7. O-O Nf6 8. Qe2
Be7 9. Rd1 O-O 10. Bf4 Ne8 11. Nb5 a6 12. Nxd6 Nxd6 13. Bxd6 Bxd6 14. e5 Nxe5
15. Nxe5 Qc7 16. Nf3 b5 17. Bd3 Bb7 18. Bxh7+ Kxh7 19. Qd3+ g6 20. Rac1 Bxh2+
21. Nxh2 Qf4 22. Qh3+ Kg7 23. Qc3+ e5 24. Qc7 Rac8 25. Qxb7 Rxc1 26. Rxc1 Qxc1+
27. Nf1 Rd8 28. Qe4 Qxb2 29. Ne3 Qc3 30. Ng4 Qc1+ 31. Kh2 Qf4+ 32. Qxf4 exf4 33.
g3 fxg3+ 34. Kxg3 a5 35. Ne5 Rd2 36. a3 Ra2 37. f4 Rxa3+ 38. Kg4 b4 39. Nc4 Ra2
40. Ne3 b3 41. f5 b2 42. Kg5 f6+ 43. Kf4 b1=Q 44. fxg6 Kxg6 45. Kf3 Ra3 46. Kf4
Qd3 47. Kf3 Qxe3+ 48. Kg2 Ra2+ 49. Kf1 Qf2# {White checkmated} 0-1  aics%

[Event "Team 45 45 League T31"]
[Site "Internet Chess Club"]
[Date "2006.07.02"]
[Round "2"]
[White "GadsHill"]
[Black "john-beebs"]
[Result "1-0"]
[WhiteElo "1541"]
[BlackElo "1520"]
[TimeControl "2700+45"]

1. d4 Nf6 2. c4 e6 3. Nf3 d5 4. Nc3 Nc6 5. cxd5 exd5 6. Bg5 Be7 7. e3 Bf5 8.
Bxf6 Bxf6 9. Qb3 Rb8 10. Nxd5 Be6 11. Nxf6+ gxf6 12. Qc3 Rg8 13. Nh4 f5 14. g3
f4 15. Bg2 Qd6 16. O-O Nb4 17. b3 Nd5 18. Bxd5 Bxd5 19. exf4 Qxf4 20. Ng2 Qd6
21. Rfe1+ Kd7 22. Re5 Rbe8 23. Rae1 Rxe5 24. dxe5 Qe6 25. Nf4 Qc6 26. Qd4 Kc8
27. Qxd5 Qc3 28. Rd1 Qc2 29. Rd2 Qf5 30. Ng2 Qb1+ 31. Rd1 Qxa2 32. Qxf7 Rd8 33.
Rxd8+ Kxd8 34. Qd5+ Kc8 35. Nf4 c6 36. Qd1 Qb2 37. e6 Kc7 38. Qd7+ Kb6 39. Qd8+
Ka6 40. e7 Qb1+ 41. Kg2 Qe4+ 42. f3 Qc2+ 43. Kh3 Qf5+ 44. g4 Qxf4 45. e8=Q Qxf3+
46. Kh4 Qf2+ 47. Kg5 Qc5+ 48. Kf6 Qf2+ 49. Ke7 Qh4+ 50. Kd7 Qxg4+ 51. Kc7 Qf4+
52. Kc8 Qf5+ 53. Qed7 Qc2 54. Qd3+ {Black resigns} 1-0  aics%

[Event "Team 45 45 League T31"]
[Site "Internet Chess Club"]
[Date "2006.07.02"]
[Round "2"]
[White "BraafPaard"]
[Black "Aziraphale"]
[Result "1-0"]
[WhiteElo "1519"]
[BlackElo "1432"]
[TimeControl "2700+45"]

1. e4 e5 2. f4 d5 3. exd5 exf4 4. Qf3 Bd6 5. Bb5+ Bd7 6. Nc3 Qh4+ 7. Kf1 Ne7 8.
Bxd7+ Nxd7 9. d4 Nf5 10. Qe4+ Ne7 11. Nf3 Qg4 12. Ne5 Nxe5 13. dxe5 f5 14. Qxf4
Qxf4+ 15. Bxf4 Bb4 16. d6 Bxc3 17. bxc3 Ng6 18. Bd2 cxd6 19. exd6 O-O-O 20. Be3
Rxd6 21. Bd4 Rg8 22. Rb1 b6 23. Kf2 Nf4 24. Rhe1 Kd7 25. Rbd1 Ne6 26. Be5 Rxd1
27. Rxd1+ Ke7 28. Rd5 Nc5 29. Bd4 Ke6 30. Re5+ Kd6 31. Rxf5 g6 32. Rf7 Ne4+ 33.
Ke3 Re8 34. Kd3 Re7 35. Rxe7 Nxc3 36. Rxh7 Nb5 37. Rh6 Kd5 38. Bxb6 {Black
resigns} 1-0  aics%

[Event "Team 45 45 League T31"]
[Site "Internet Chess Club"]
[Date "2006.07.08"]
[Round "2"]
[White "jazzpiano"]
[Black "Knight77"]
[Result "0-1"]
[WhiteElo "1721"]
[BlackElo "1808"]
[TimeControl "2700+45"]

1. e4 c5 2. d4 cxd4 3. c3 dxc3 4. Nxc3 Nc6 5. Nf3 g6 6. Bc4 Bg7 7. O-O Nf6 8.
Bf4 O-O 9. Qe2 d6 10. Rfd1 Qa5 11. Rac1 Bg4 12. h3 Bxf3 13. Qxf3 Ne5 14. Bxe5
Qxe5 15. Rc2 Rac8 16. Bb3 b5 17. Rdc1 Bh6 18. Re1 b4 19. Na4 Rxc2 20. Bxc2 Rc8
21. Qb3 Qd4 22. Rd1 Qc4 23. Qxc4 Rxc4 24. Bd3 Rd4 25. f3 d5 26. exd5 Nxd5 27.
Bc2 Rd2 28. Bb3 Be3+ 29. Kf1 Rf2+ 30. Ke1 Nf4 31. Rd8+ Kg7 32. g3 Nxh3 33. Rd7
Ng5 34. Rxe7 Nxf3+ 35. Kd1 Rd2+ 36. Kc1 Re2+ 37. Kd1 Re1+ 38. Kc2 Nd4+ 39. Kd3
Nxb3 40. axb3 Bf2 41. Rb7 Re3+ 42. Kc4 Rxg3 43. Kxb4 h5 44. Nc5 Rg4+ 45. Kb5 Rg5
46. Rc7 Bxc5 47. Rxc5 Rxc5+ 48. Kxc5 h4 49. Kb5 h3 50. Ka6 h2 {White resigns}
0-1  aics%

[Event "Team 45 45 League T31"]
[Site "Internet Chess Club"]
[Date "2006.07.02"]
[Round "2"]
[White "jharris8000"]
[Black "dougmo"]
[Result "1/2-1/2"]
[WhiteElo "1399"]
[BlackElo "1555"]
[TimeControl "2700+45"]

1. d4 Nf6 2. c4 g6 3. Nf3 Bg7 4. Nc3 O-O 5. e4 d6 6. Be2 c5 7. O-O Nc6 8. Be3
cxd4 9. Nxd4 Nxd4 10. Bxd4 a6 11. Qb3 b5 12. f3 Be6 13. Nd5 Nxd5 14. Bxg7 Kxg7
15. cxd5 Qb6+ 16. Kh1 Bd7 17. Rac1 Rac8 18. Rc2 Rxc2 19. Qxc2 Rc8 20. Qd2 a5 21.
Rc1 Rxc1+ 22. Qxc1 Qc5 23. Qxc5 dxc5 24. Kg1 g5 25. Kf2 Kf6 26. Ke3 Ke5 27. b3
h6 28. g3 b4 29. f4+ gxf4+ 30. gxf4+ Kd6 31. h4 f5 32. Bc4 fxe4 33. Kxe4 e6 34.
dxe6 Bxe6 35. Bxe6 Kxe6 36. f5+ Kf6 37. Kf4 {Game drawn by mutual agreement}
1/2-1/2  aics%

[Event "Team 45 45 League T31"]
[Site "Internet Chess Club"]
[Date "2006.06.29"]
[Round "2"]
[White "Two-DogMan"]
[Black "BMAttack"]
[Result "1/2-1/2"]
[WhiteElo "1502"]
[BlackElo "1478"]
[TimeControl "2700+45"]

1. e4 c5 2. Nf3 g6 3. c4 Nc6 4. Nc3 Bg7 5. Be2 e5 6. O-O Nge7 7. d3 O-O 8. Bg5
d6 9. h3 Be6 10. Qd2 Qd7 11. Nd5 f6 12. Bh6 Nd4 13. Bd1 f5 14. Bxg7 Kxg7 15. Ng5
Bxd5 16. exd5 f4 17. Bg4 Nef5 18. Bxf5 Qxf5 19. Ne6+ Nxe6 20. dxe6 Qxe6 21. f3
Rad8 22. Qa5 a6 23. b4 cxb4 24. Qxb4 Qd7 25. Qb2 Rc8 26. Rac1 Qe6 27. Qxb7+ Qf7
28. Qxa6 Ra8 29. Qxd6 Rxa2 30. Qxe5+ Kg8 31. Rfe1 Qa7+ 32. Kh1 Qf2 33. Qe6+ Kg7
34. Qg4 h5 35. Qg5 Rf5 36. Qe7+ Kh6 37. Rg1 Rg5 38. Qf8+ Kh7 39. Qe7+ Kh6 40.
Qf8+ Kh7 41. Qf7+ Kh6 42. Rcf1 Qd2 43. Re1 Rxg2 44. Qf8+ Kg5 45. Qe7+ Kh6 46.
Qf8+ Kg5 47. Qd8+ Kh6 48. Qh8+ Kg5 49. Re5+ Kh4 50. Rxh5+ gxh5 51. Qf6+ Kxh3 52.
Qf5+ Kh4 53. Qf6+ Kg3 54. Qg5+ Kxf3 55. Qxh5+ Ke3 56. Qe5+ Kxd3 57. Qd5+ Kc3 58.
Qxg2 Qxg2+ 59. Rxg2 Rxg2 60. Kxg2 Kxc4 61. Kf3 Kd4 62. Kxf4 {Game drawn because
neither player has mating material} 1/2-1/2  aics%

[Event "Team 45 45 League T31"]
[Site "Internet Chess Club"]
[Date "2006.06.29"]
[Round "2"]
[White "Aquaman"]
[Black "Smart"]
[Result "0-1"]
[WhiteElo "1551"]
[BlackElo "1683"]
[TimeControl "2700+45"]

1. d4 d6 2. e4 Nf6 3. Nc3 g6 4. Bg5 c6 5. Nf3 Bg7 6. Qd2 O-O 7. Bh6 b5 8. Bxg7
Kxg7 9. Bd3 Bg4 10. Nh4 e5 11. dxe5 dxe5 12. h3 Bc8 13. Nf3 Nbd7 14. b4 Bb7 15.
O-O Qe7 16. a3 Nh5 17. Ne2 Rad8 18. Qc3 Rfe8 19. Qb2 Nhf6 20. Rad1 Nb6 21. Nc3
Nh5 22. Rfe1 Nf4 23. Bf1 Qf6 24. Rxd8 Rxd8 25. Qa1 Nxh3+ 26. gxh3 Qxf3 27. Bg2
Qh5 28. Ne2 Nc4 29. Ng3 Qg5 30. a4 a6 31. a5 h5 32. Qc3 h4 33. Nf1 Bc8 34. Nh2
Qf4 35. Nf3 Nd2 36. Nxd2 Rxd2 37. Bf3 Bxh3 38. Re3 Rxf2 39. Kxf2 Qh2+ 40. Ke1
Qg1+ 41. Kd2 Qf2+ 42. Re2 Qd4+ 43. Qxd4 exd4 44. Kd3 Bf1 45. Kd2 Bxe2 46. Kxe2
Kf6 47. Kf2 Ke5 48. Kg2 g5 49. Kh3 f5 50. exf5 Kxf5 51. Bg4+ Kf4 52. Bd7 Ke3 53.
Bxc6 Kd2 54. Be4 Kc3 55. Kg4 Kxb4 56. Kxg5 Kxa5 57. Kxh4 Kb4 58. Kg4 a5 59. Kf3
Kc3 60. Ke2 b4 61. Bd5 a4 62. Kd1 b3 63. cxb3 axb3 64. Kc1 d3 65. Bxb3 Kxb3 66.
Kd2 Kc4 67. Kd1 Kd5 68. Kd2 Kd4 69. Kc1 Kc3 70. Kd1 d2 71. Ke2 Kc2 {White
resigns} 0-1  aics%

[Event "Team 45 45 League T31"]
[Site "Internet Chess Club"]
[Date "2006.06.29"]
[Round "2"]
[White "rabanito"]
[Black "SargentBono"]
[Result "1-0"]
[WhiteElo "1583"]
[BlackElo "1598"]
[TimeControl "2700+45"]

1. e4 e5 2. Nf3 Nc6 3. Bb5 a6 4. Ba4 Nf6 5. O-O Be7 6. Qe2 b5 7. Bb3 O-O 8. c3
d6 9. h3 Na5 10. Bc2 c5 11. d4 Qc7 12. d5 Bd7 13. Nbd2 c4 14. Rd1 Nb7 15. Nf1
Nc5 16. g4 h6 17. Ng3 Nh7 18. Nf5 Bxf5 19. gxf5 Ng5 20. Kh2 Qd8 21. Rg1 Nxf3+
22. Qxf3 Kh8 23. Qh5 Rg8 24. Bxh6 g6 25. fxg6 Rxg6 26. Bf8+ Kg8 27. Rxg6+ fxg6
28. Qxg6+ Kxf8 29. Rg1 {Black resigns} 1-0  aics%

[Event "Team 45 45 League T31"]
[Site "Internet Chess Club"]
[Date "2006.07.03"]
[Round "2"]
[White "SambaChess"]
[Black "Creecher"]
[Result "1-0"]
[WhiteElo "1590"]
[BlackElo "1474"]
[TimeControl "2700+45"]

1. Nf3 c5 2. b3 Nf6 3. Bb2 e6 4. d4 cxd4 5. Nxd4 a6 6. e3 Be7 7. c4 O-O 8. Nc3
d6 9. Be2 Bd7 10. O-O Nc6 11. Bf3 Qc7 12. Qd2 Rac8 13. Ne4 Nxe4 14. Bxe4 Nxd4
15. Bxd4 e5 16. Bc3 Bc6 17. Bc2 Rfd8 18. Qe2 b5 19. Bd3 bxc4 20. Bxc4 Bb5 21.
Bxb5 axb5 22. Bb4 Qb7 23. Rfd1 Rc6 24. Rd2 Rd7 25. Rad1 Qb6 26. Rd5 Rb7 27. Qd3
Qc7 28. Rxb5 Rxb5 29. Qxb5 Rc1 30. Qf1 Rc2 31. a3 Kf8 32. Qa6 Ke8 33. Qa8+ Bd8
34. Qa4+ Qc6 35. Qxc6+ Rxc6 36. Bxd6 f6 37. a4 Rc3 38. b4 Be7 39. Kf1 Bxd6 40.
Rxd6 Rc4 41. Rb6 Kd8 42. a5 Kc7 43. b5 Ra4 44. Rc6+ Kb7 45. a6+ Ka7 46. Rc7+ Kb6
47. Rb7+ Kc5 48. a7 Kc4 49. b6 Kd3 50. Rd7+ Ke4 51. Rd1 {Black resigns} 1-0 
aics%

[Event "Team 45 45 League T31"]
[Site "Internet Chess Club"]
[Date "2006.06.29"]
[Round "2"]
[White "gartman"]
[Black "Spirou"]
[Result "0-1"]
[WhiteElo "1623"]
[BlackElo "1722"]
[TimeControl "2700+45"]

1. e4 e5 2. Nf3 Nf6 3. Nxe5 d6 4. Nf3 Nxe4 5. Nc3 Nxc3 6. dxc3 Be7 7. Be3 O-O 8.
Qd2 Nc6 9. O-O-O Ne5 10. h3 Be6 11. Kb1 Nc4 12. Bxc4 Bxc4 13. Nd4 a5 14. g4 Bf6
15. g5 Bxd4 16. cxd4 Bd5 17. Rhg1 g6 18. Rg3 Qd7 19. h4 b5 20. h5 Qe6 21. a3 b4
22. a4 Qe4 23. hxg6 fxg6 24. Rh3 Qg4 25. Rg3 Qf5 26. b3 Bxb3 27. d5 Bxa4 28. Bd4
b3 {White resigns} 0-1  aics%

[Event "Team 45 45 League T31"]
[Site "Internet Chess Club"]
[Date "2006.07.01"]
[Round "2"]
[White "Mikey29a"]
[Black "C-Jones"]
[Result "1/2-1/2"]
[WhiteElo "1672"]
[BlackElo "1597"]
[TimeControl "2700+45"]

1. e4 e5 2. Nf3 Nc6 3. Bb5 d6 4. d3 Bd7 5. Be3 Be7 6. O-O Nf6 7. Nc3 O-O 8. h3
a6 9. Ba4 Qc8 10. Kh2 Na5 11. Bxd7 Qxd7 12. Qd2 Nc6 13. Ne2 d5 14. exd5 Nxd5 15.
Ng3 Nxe3 16. Qxe3 Bd6 17. Ne4 Rae8 18. Nxd6 Qxd6 19. Kg1 Nd4 20. Nxd4 Qxd4 21.
Qxd4 exd4 22. Rfe1 {Game drawn by mutual agreement} 1/2-1/2  aics%

[Event "Team 45 45 League T31"]
[Site "Internet Chess Club"]
[Date "2006.07.01"]
[Round "2"]
[White "Fegary"]
[Black "Ulrika"]
[Result "1/2-1/2"]
[WhiteElo "1592"]
[BlackElo "1562"]
[TimeControl "2700+45"]

1. e4 c5 2. Nc3 Nc6 3. Nge2 Nf6 4. g3 d5 5. exd5 Nxd5 6. Bg2 e6 7. O-O Be7 8. d3
O-O 9. Nxd5 exd5 10. d4 b6 11. dxc5 Bxc5 12. Qxd5 Bb7 13. Bg5 Qxd5 14. Bxd5 Rfe8
15. Rfe1 Kf8 16. c3 f6 17. Bf4 g5 18. Bxc6 Bxc6 19. Nd4 Bxd4 20. Bd6+ Kf7 21.
cxd4 Rad8 22. Rxe8 Bxe8 23. Bb4 Rxd4 24. a3 Rd3 25. Re1 Bb5 26. Re7+ Kg6 27. Bc3
Rd1+ 28. Re1 Rxe1+ 29. Bxe1 g4 30. Bc3 Be2 31. Bd4 f5 32. Be3 h5 33. Bd4 Kf7 34.
Be3 Ke6 35. Bd4 Kd5 36. Bc3 b5 37. Bf6 Kc4 38. Be5 a6 {Game drawn by mutual
agreement} 1/2-1/2  aics%

[Event "Team 45 45 League T31"]
[Site "Internet Chess Club"]
[Date "2006.07.01"]
[Round "2"]
[White "stan194803"]
[Black "chesskix"]
[Result "0-1"]
[WhiteElo "1395"]
[BlackElo "1477"]
[TimeControl "2700+45"]

1. e4 c5 2. Nf3 Nc6 3. Nc3 e6 4. d3 d5 5. e5 f5 6. Bf4 d4 7. Ne2 Nge7 8. g3 Ng6
9. Qd2 h6 10. Bg2 Be7 11. a3 Qc7 12. c3 O-O 13. O-O Nxf4 14. Nxf4 Nxe5 15. cxd4
Nxf3+ 16. Bxf3 cxd4 17. Rfe1 Bg5 18. Rac1 Qd6 19. Qe2 Bxf4 20. gxf4 Qxf4 21. Kh1
Rb8 22. Rg1 Bd7 23. Rce1 Rf7 24. Rg2 Re7 25. Reg1 b6 26. b3 a5 27. Bd5 Rbe8 28.
Bc4 Bc6 29. a4 Bxg2+ 30. Rxg2 Kf8 31. Qh5 Rc8 32. Qg6 Rc6 33. Qh7 Rf7 34. Qg6
Rd6 35. Bxe6 Re7 36. Qxf5+ Qxf5 37. Bxf5 Re1+ 38. Rg1 Rxg1+ 39. Kxg1 Rc6 40. Kg2
Rc3 41. Kf3 Rxb3 42. Ke4 Ra3 43. Kxd4 Rxa4+ 44. Kd5 Rh4 45. h3 a4 46. Kc6 Rb4
47. Be6 a3 48. f4 Rxf4 49. Kxb6 Rf6 {White resigns} 0-1  aics%

[Event "Team 45 45 League T31"]
[Site "Internet Chess Club"]
[Date "2006.06.28"]
[Round "2"]
[White "chiiwen"]
[Black "jazzyjoe"]
[Result "0-1"]
[WhiteElo "1660"]
[BlackElo "1780"]
[TimeControl "2700+45"]

1. e4 e5 2. Nf3 d6 3. d4 Nf6 4. Nc3 exd4 5. Nxd4 Nc6 6. Bb5 Bd7 7. Nxc6 bxc6 8.
Bd3 Be7 9. O-O Ng4 10. f3 Ne5 11. Be2 Be6 12. f4 Nc4 13. f5 Qd7 14. fxe6 Qxe6
15. b3 Nb6 16. Bb2 O-O 17. Bg4 Qh6 18. Bc1 Bg5 19. Bxg5 Qxg5 20. Qf3 Qe5 21.
Rad1 f6 22. Qh3 Rae8 23. Rf5 Qe7 24. Rdf1 g6 25. R5f4 Qe5 26. Kh1 f5 27. exf5
Qxf4 28. g3 Qd2 29. Nb1 Qxc2 30. f6 Kh8 31. Qh4 Qe4+ 32. Kg1 Nd5 {White resigns}
0-1  aics%

[Event "Team 45 45 League T31"]
[Site "Internet Chess Club"]
[Date "2006.06.30"]
[Round "2"]
[White "Lipsome123"]
[Black "VentasD"]
[Result "0-1"]
[WhiteElo "1881"]
[BlackElo "2122"]
[TimeControl "2700+45"]

1. d4 d5 2. Nf3 e6 3. Bf4 Ne7 4. e3 Ng6 5. Bd3 Nxf4 6. exf4 c5 7. c3 Nc6 8. O-O
Bd6 9. Ne5 cxd4 10. Qh5 g6 11. Qe2 dxc3 12. Nxc3 O-O 13. Rad1 Qf6 14. Nxc6 bxc6
15. g3 Bd7 16. Bb1 Rfe8 17. Qa6 Reb8 18. Ne4 Qe7 19. Nxd6 Qxd6 20. b3 Rb6 21.
Qe2 a5 22. Qe3 Rb4 23. Rfe1 a4 24. f5 exf5 25. Qe7 Qxe7 26. Rxe7 Rd8 27. Bc2
axb3 28. Bxb3 Re4 29. Rxe4 fxe4 30. Kf1 Be6 {White resigns} 0-1  aics%

[Event "Team 45 45 League T31"]
[Site "Internet Chess Club"]
[Date "2006.07.11"]
[Round "2"]
[White "GolferBob"]
[Black "mitus"]
[Result "0-1"]
[WhiteElo "1748"]
[BlackElo "1841"]
[TimeControl "2700+45"]

1. d4 Nf6 2. Nf3 e6 3. Bf4 b6 4. e3 Bb7 5. Nbd2 Be7 6. Bd3 d5 7. O-O Nbd7 8. c3
O-O 9. h3 c5 10. Rc1 Ne8 11. Ne5 Nxe5 12. Bxe5 Bd6 13. Nf3 f6 14. Bxd6 Nxd6 15.
Bb1 Qe8 16. Re1 Rd8 17. a3 e5 18. dxe5 fxe5 19. b4 e4 20. Nh2 Nc4 21. a4 Qf7 22.
Qe2 Ne5 23. b5 c4 24. Rcd1 Bc8 25. f4 exf3 26. Nxf3 Nxf3+ 27. Qxf3 Qxf3 28. gxf3
Rxf3 29. h4 Rg3+ 30. Kf2 Rg4 31. Rd4 Rf8+ 32. Ke2 Rxd4 33. cxd4 Bg4+ 34. Kd2
Rf2+ 35. Kc3 Re2 36. Rxe2 Bxe2 37. Bf5 Kf7 38. Bc2 Bf3 39. Kd2 h6 40. Ke1 g5 41.
hxg5 hxg5 42. Kf2 g4 43. Kg3 Be4 {White resigns} 0-1  aics%

[Event "Team 45 45 League T31"]
[Site "Internet Chess Club"]
[Date "2006.07.01"]
[Round "2"]
[White "LittleBunny"]
[Black "harishbn"]
[Result "1-0"]
[WhiteElo "1315"]
[BlackElo "1647"]
[TimeControl "2700+45"]

1. e4 e5 2. Nf3 Nc6 3. Bc4 Nf6 4. Nc3 Nxe4 5. Nxe4 d5 6. Bd3 dxe4 7. Bxe4 Bd6 8.
O-O Bd7 9. d3 O-O 10. c3 f5 11. Bd5+ Kh8 12. Bb3 Qe8 13. Be3 f4 14. Bd2 Qg6 15.
Nh4 Qh6 16. g3 Bh3 17. Re1 f3 18. Bxh6 gxh6 19. d4 Rad8 20. Qd2 exd4 21. Qxh6
Ne7 22. Rxe7 {Black resigns} 1-0  aics%

[Event "Team 45 45 League T31"]
[Site "Internet Chess Club"]
[Date "2006.06.29"]
[Round "2"]
[White "Allessia"]
[Black "SkinnyPuppy"]
[Result "1-0"]
[WhiteElo "2172"]
[BlackElo "2130"]
[TimeControl "2700+45"]

1. e4 c5 2. Nc3 e6 3. g3 Nc6 4. Bg2 g6 5. d3 Bg7 6. Be3 d6 7. Qd2 Rb8 8. Nge2 b5
9. O-O b4 10. Nd1 Nd4 11. Nc1 Ne7 12. a3 a5 13. axb4 axb4 14. c3 bxc3 15. bxc3
Ndc6 16. Bh6 O-O 17. Bxg7 Kxg7 18. Ne3 e5 19. f4 f6 20. Ne2 Be6 21. f5 Bd7 22.
fxg6 hxg6 23. Rf2 Be6 24. d4 cxd4 25. cxd4 exd4 26. Nxd4 Nxd4 27. Qxd4 Nc6 28.
Qd2 Ne5 29. Bf1 Rf7 30. Nc2 Rb2 31. Nd4 Nf3+ 32. Rxf3 Qb6 33. Qe3 Bg4 34. Rf2
Rc7 35. Ra6 Qb4 36. Rxb2 Qxb2 37. Rxd6 Rd7 38. e5 Rf7 39. e6 Re7 40. Nc6 Rxe6
41. Rxe6 Bxe6 42. Qxe6 Qb6+ 43. Kg2 Qb2+ 44. Be2 {Black resigns} 1-0  aics%

[Event "Team 45 45 League T31"]
[Site "Internet Chess Club"]
[Date "2006.07.05"]
[Round "2"]
[White "PvsNP"]
[Black "adingod"]
[Result "1-0"]
[WhiteElo "1924"]
[BlackElo "1971"]
[TimeControl "2700+45"]

1. e4 c5 2. Nc3 Nc6 3. g3 Nf6 4. Bg2 d6 5. d3 a6 6. a4 Qc7 7. Nge2 g6 8. O-O Bg7
9. f4 Bg4 10. h3 Bd7 11. g4 h6 12. Ng3 Nd4 13. Nce2 Rc8 14. c3 Nc6 15. Be3 Na5
16. f5 c4 17. fxg6 fxg6 18. Nf4 g5 19. Nfh5 Nxh5 20. Nxh5 Bf8 21. Bd4 e5 22.
Nf6+ Kd8 23. Nd5 Qc6 24. Bb6+ {Black resigns} 1-0  aics%

[Event "Team 45 45 League T31"]
[Site "Internet Chess Club"]
[Date "2006.07.08"]
[Round "2"]
[White "Squaredance"]
[Black "Chief-Justice"]
[Result "0-1"]
[WhiteElo "1910"]
[BlackElo "1883"]
[TimeControl "2700+45"]

1. Nc3 c6 2. e4 d5 3. Qf3 e6 4. exd5 cxd5 5. d4 a6 6. Bd3 Qf6 7. Qg4 Nc6 8. Nf3
e5 9. Qg3 exd4 10. Nxd5 Qe6+ 11. Qe5 Nxe5 12. Nc7+ Ke7 13. Nxe6 Nxf3+ 14. gxf3
Bxe6 15. Bf4 Rd8 16. O-O-O Nf6 17. Be5 Ke8 18. Rhe1 Be7 19. f4 Bg4 20. Rd2 Kf8
21. a3 Bd6 22. Bc4 Bxe5 23. fxe5 Nh5 24. f3 Be6 25. Bd3 Nf4 26. Be4 b6 27. Bb7
a5 28. Re4 Ng6 29. Rf2 Ke7 30. Ba6 Bf5 31. Re1 Nf4 32. Rd2 d3 33. c3 Ne6 34. Re3
Nc5 35. Bc4 b5 36. Ba2 a4 37. Kd1 Nb3 38. Bxb3 axb3 39. Rg2 g6 40. Kd2 Ke6 41.
f4 Rd7 42. h4 Rc8 43. Reg3 Rc4 44. Rf2 Ra7 45. Rg1 Raa4 46. Rgf1 h5 47. Ke3 Bh3
48. Rh1 Re4+ 49. Kd2 Bg4 50. Kxd3 Rxf4 51. Rhf1 Rxf2 52. Rxf2 Bf5+ 53. Kd2 Rxh4
{White resigns} 0-1  aics%

[Event "Team 45 45 League T31"]
[Site "Internet Chess Club"]
[Date "2006.06.30"]
[Round "2"]
[White "crispin"]
[Black "Knightstorm57"]
[Result "1-0"]
[WhiteElo "1804"]
[BlackElo "1816"]
[TimeControl "2700+45"]

1. e4 g6 2. d4 Bg7 3. c3 d6 4. Nf3 Nf6 5. Bd3 O-O 6. h3 Nbd7 7. Bf4 Re8 8. Nbd2
e5 9. Bg5 h6 10. Be3 a6 11. O-O Nf8 12. Qc2 Nh5 13. Nc4 b5 14. Ncd2 Ne6 15. g3
Bd7 16. Rfe1 Qc8 17. Kh2 Nd8 18. Bf1 Nc6 19. Rad1 f5 20. exf5 gxf5 21. dxe5 dxe5
22. Bc5 Nf6 23. Bg2 e4 24. Nh4 Ne5 25. Bf1 Nd5 26. Nxe4 fxe4 27. Rxd5 Bf6 28.
Rxe4 Bc6 29. Rexe5 Bxe5 30. Qg6+ Kh8 31. Qxh6+ Kg8 32. Bd3 Bg7 33. Bh7+ {Black
resigns} 1-0  aics%

[Event "Team 45 45 League T31"]
[Site "Internet Chess Club"]
[Date "2006.07.02"]
[Round "2"]
[White "Legal"]
[Black "onslaught"]
[Result "1-0"]
[WhiteElo "2079"]
[BlackElo "2085"]
[TimeControl "2700+45"]

1. Nf3 Nf6 2. g3 d5 3. Bg2 c6 4. O-O Bg4 5. d3 Nbd7 6. Nbd2 e5 7. e4 dxe4 8.
dxe4 Bc5 9. Qe2 O-O 10. Nc4 Qc7 11. Ne3 Bxf3 12. Qxf3 g6 13. Bh3 Rfe8 14. Ng4
Nxg4 15. Qxg4 Nf8 16. Bg5 Be7 17. Bxe7 Qxe7 18. Rfd1 Ne6 19. c3 Rad8 20. Qe2 Nc5
21. b4 Na4 22. Qc2 b5 23. a3 Rxd1+ 24. Rxd1 Rd8 25. Rxd8+ Qxd8 26. c4 Qd4 27.
cxb5 cxb5 28. Bf1 Nc3 29. Qd3 Qxd3 30. Bxd3 Kf8 31. Kf1 Ke7 32. Ke1 a6 33. Kd2
Na4 34. Ke3 f6 35. f4 Kd6 36. Kd2 Nb6 37. Kc3 h6 38. Be2 f5 39. exf5 gxf5 40.
fxe5+ Kxe5 41. Bf3 Nd5+ 42. Bxd5 Kxd5 43. Kd3 Ke5 44. Ke3 Kd5 45. Kf4 Ke6 46. g4
fxg4 47. Kxg4 Kf6 48. Kf4 h5 49. h4 {Black resigns} 1-0  aics%

[Event "Team 45 45 League T31"]
[Site "Internet Chess Club"]
[Date "2006.06.30"]
[Round "2"]
[White "jonesey"]
[Black "beer2337"]
[Result "1-0"]
[WhiteElo "2001"]
[BlackElo "1957"]
[TimeControl "2700+45"]

1. e4 d5 2. exd5 Nf6 3. c4 e6 4. dxe6 Bxe6 5. Nf3 Nc6 6. Be2 Bc5 7. O-O O-O 8.
d3 Nd4 9. Nxd4 Bxd4 10. Nc3 c6 11. Be3 Bf5 12. Qb3 b6 13. Bf3 Bxe3 14. Bxc6 Bc5
15. Bxa8 Qxa8 16. Rad1 Rd8 17. Nb5 Bd4 18. Rfe1 Qb7 19. Nxd4 Rxd4 20. c5 Be6 21.
Qc3 bxc5 22. Qxc5 Qd7 23. a3 h6 24. b4 Rd5 25. Qc3 a5 26. d4 axb4 27. Qxb4 Qa7
28. Re3 Ra5 29. Rg3 Nd5 30. Qd6 Nf6 31. Rb1 Rg5 32. Qb8+ Qxb8 33. Rxb8+ Kh7 34.
Rxg5 hxg5 35. a4 Kg6 36. a5 Kf5 37. a6 {Black forfeits on time} 1-0  aics%

[Event "Team 45 45 League T31"]
[Site "Internet Chess Club"]
[Date "2006.07.01"]
[Round "2"]
[White "demo05"]
[Black "vaibhav"]
[Result "0-1"]
[WhiteElo "1774"]
[BlackElo "1981"]
[TimeControl "2700+45"]

1. e4 c5 2. Nf3 Nc6 3. d4 cxd4 4. Nxd4 Nf6 5. Nc3 e5 6. Ndb5 d6 7. Bg5 a6 8. Na3
b5 9. Nd5 Be7 10. Bxf6 Bxf6 11. c3 O-O 12. Nc2 Bg5 13. a4 bxa4 14. Rxa4 a5 15.
Bc4 Kh8 16. O-O f5 17. exf5 Bxf5 18. Nce3 Bxe3 19. Nxe3 Bg6 20. Bd5 Rc8 21. Nc4
Be8 22. Qa1 Ne7 23. Be6 Bxa4 24. Bxc8 Bb5 25. Be6 Rf6 26. Nxe5 dxe5 27. Rd1 Qb6
{White resigns} 0-1  aics%

[Event "Team 45 45 League T31"]
[Site "Internet Chess Club"]
[Date "2006.07.01"]
[Round "2"]
[White "Qualm"]
[Black "SpikeyJ"]
[Result "0-1"]
[WhiteElo "1804"]
[BlackElo "1968"]
[TimeControl "2700+45"]

1. e4 d6 2. d4 Nf6 3. Bd3 e5 4. Ne2 d5 5. dxe5 Nxe4 6. Bxe4 dxe4 7. Qxd8+ Kxd8
8. Nbc3 Nd7 9. Bf4 e3 10. fxe3 Bb4 11. O-O-O c6 12. e6 fxe6 13. Ne4 e5 14. Bg5+
Kc7 15. a3 Nc5 16. Nf2 Ne6 17. Bh4 Bc5 18. e4 g5 19. Bg3 Be3+ 20. Kb1 Nf4 21.
Bxf4 gxf4 22. Nd3 Bg4 23. Rde1 Rae8 24. h3 Bd7 25. g4 h5 26. gxh5 Rxh5 27. Ng1
Kd6 28. Rd1 Ke7 29. Nf3 Kd8 30. Rh2 Kc7 31. Rdh1 c5 32. Rg2 c4 33. Nb4 Rxh3 34.
Rxh3 Bxh3 35. Rh2 Bg4 36. Nd5+ Kc6 37. Rh6+ Kc5 38. Nf6 Bxf3 39. Nxe8 Bxe4 40.
Re6 Bd4 41. Kc1 Bd5 42. Rf6 f3 43. b4+ cxb3 44. cxb3 e4 45. b4+ Kc4 46. Rf8 Kd3
47. Nf6 Bxf6 48. Rxf6 Ke2 49. Rd6 f2 50. Rxd5 f1=Q+ {White resigns} 0-1  aics%